 Dungeon Crawl Stone Soup version 0.18.1-8-gdd0e5ea (webtiles) character file.

16 M4edhros the Grave Robber (level 2, 0/17 HPs)
             Began as an Octopode Necromancer on June 6, 2016.
             Slain by a jackal (3 damage)
             ... on level 1 of the Dungeon.
             The game lasted 00:01:18 (230 turns).

M4edhros the Grave Robber (Octopode Necromancer)     Turns: 230, Time: 00:01:19

Health: 0/17       AC:  1    Str:  7    XL:     2   Next: 58%
Magic:  5/5        EV: 12    Int: 17    God:
Gold:   28         SH:  0    Dex: 12    Spells: 2 memorised, 3 levels left

rFire  . . .     SeeInvis .       - Unarmed
rCold  . . .     Gourm    .     (no shield)
rNeg   . . .     Faith    .     (helmet restricted)
rPois  .         Spirit   .     i - amulet of rage
rElec  .         Dismiss  .     (no ring)
rCorr  .         Reflect  .     (no ring)
SustAt .         Harm     .     (no ring)
MR     .....                    (no ring)
Stlth  +++.......               (no ring)
                                (no ring)
                                (no ring)
                                (no ring)

@: not resistant to hostile enchantments, fairly stealthy
A: almost no armour, amphibious, 8 rings, constrict 8, camouflage 1, gelatinous
body 1
a: Evoke Berserk Rage


You were on level 1 of the Dungeon.
You were not hungry.

You visited 1 branch of the dungeon, and saw 1 of its levels.

You collected 28 gold pieces.

Inventory:

Jewellery
 i - an amulet of rage (around mantle)
Scrolls
 d - a scroll of recharging {unknown}
Potions
 c - a potion of mutation {unknown}
 e - 3 potions of heal wounds {unknown}
 f - a potion of agility {unknown}
 j - a potion of curing {unknown}
Books
 a - a book of Necromancy

   Spells                             Type                      Level
   a - Pain                           Necromancy                   1
   b - Animate Skeleton               Necromancy                   1
   c - Vampiric Draining              Necromancy                   3
   d - Regeneration                   Charms/Necromancy            3
   e - Animate Dead                   Necromancy                   4
   f - Control Undead                 Necromancy                   4
Comestibles
 b - 3 bread rations
 g - 6 chunks of flesh
 h - a meat ration


   Skills:
 - Level 2.0 Dodging
 - Level 2.6 Stealth
 + Level 2.1 Unarmed Combat
 - Level 2.0 Spellcasting
 - Level 4.0 Necromancy


You had 3 spell levels left.
You knew the following spells:

 Your Spells              Type           Power        Failure   Level  Hunger
a - Pain                  Necr           ###.         3%          1    #......
b - Animate Skeleton      Necr           N/A          3%          1    #......


Dungeon Overview and Level Annotations

Branches:
Dungeon (1/15)

Altars:


Innate Abilities, Weirdness & Mutations

You cannot wear most types of armour.
You are amphibious.
You can wear up to eight rings at the same time.
You can use your tentacles to constrict eight enemies at once.
Your skin changes colour to match your surroundings (Stealth).
Your rubbery body absorbs attacks (AC +1).


Message History

The jackal is heavily wounded.
You constrict the jackal. The jackal bites you.
You tentacle-slap the jackal but do no damage.
The jackal is severely wounded.
You constrict the jackal. The jackal bites you.
* * * LOW HITPOINT WARNING * * *
Unknown command.
You tentacle-slap the jackal.
You kill the jackal!
Unknown command.
You tentacle-slap the jackal but do no damage.
You grab the jackal.
The jackal is heavily wounded.
You constrict the jackal, but do no damage.
The jackal misses you.
Unknown command.
You tentacle-slap the jackal but do no damage.
The jackal is heavily wounded.
You constrict the jackal. The jackal bites you.
You die...

#.#
#.#..........#.#
#.#.....#.#....#
# #............
#.#......#.#.
#.#......#.#
#.#........#
#.#......###.#
##.>.ZZ....#
#.###@##### #.
#h# #. #h# ..
#g# .b. ... ...
....#


You could see 2 jackals, a hobgoblin, a bat, a friendly bat skeleton and a
friendly goblin skeleton.

Vanquished Creatures
  A dart slug (D:1)
  4 hobgoblins (D:1)
  A jackal (D:1)
  2 goblins (D:1)
  2 rats (D:1)
10 creatures vanquished.

Vanquished Creatures (collateral kills)
  2 bats (D:1)
  A goblin (D:1)
3 creatures vanquished.

Grand Total: 13 creatures vanquished

Notes
Turn   | Place    | Note
--------------------------------------------------------------
     0 | D:1      | M4edhros the Octopode Necromancer began the quest for the Orb.
     0 | D:1      | Reached XP level 1. HP: 11/11 MP: 3/3
     5 | D:1      | Learned a level 1 spell: Animate Skeleton
    21 | D:1      | Reached skill level 1 in Unarmed Combat
   137 | D:1      | Reached XP level 2. HP: 15/17 MP: 5/5
   230 | D:1      | Slain by a jackal

Skill      XL: |  1  2 |
---------------+-------+-----
Unarmed Combat | 1 2 |  2.1
Dodging        | |  2.0
Stealth        | |  2.6
Spellcasting   | |  2.0
Necromancy     | |  4.0

Action                   || total
-------------------------++-------
Melee: Unarmed           ||    19
       Tentacles         ||     4
       Constrict         ||     5
 Cast: Pain              ||     7
       Animate Skeleton  ||     4
 Stab: Sleeping          ||     3
Armor: Skin              ||     2
Dodge: Dodged            ||    11
